 Dungeon Crawl Stone Soup version 0.26.1-2-gb8aa6d0cf2 (webtiles) character file.

Game seed: 16650475905265022559

44 sking99 the Chopper (level 3, -3/32 HPs)
             Began as a Naga Wanderer on Feb 19, 2021.
             Was a Follower of Zin.
             Shot with an arrow by a centaur (4 damage)
             ... on level 2 of the Dungeon.
             The game lasted 00:04:54 (1640 turns).

sking99 the Chopper (Naga Wanderer)                 Turns: 1640, Time: 00:04:55

Health: -3/32      AC:  6    Str: 16    XL:     3   Next: 62%
Magic:  3/3        EV:  4    Int: 12    God:    Zin [*.....]
Gold:   77         SH:  0    Dex:  9    Spells: 2/2 levels left

rFire    . . .     SeeInvis +   a - +2 hand axe
rCold    . . .     Faith    .   (no shield)
rNeg     . . .     Spirit   .   m - +0 chain mail
rPois    +         Reflect  .   n - +0 helmet
rElec    .         Harm     .   (no cloak)
rCorr    .         Rampage  .   (no gloves)
Will     .....                  (no barding)
Stlth    ..........             (no amulet)
HPRegen  0.10/turn              (no ring)
MPRegen  0.08/turn              (no ring)

@: short of breath, very slow
A: large, see invisible, deformed body, poison resistance, slowness 2, spit
poison 1, AC +1
a: Spit Poison, Renounce Religion, Recite, Donate Gold


You were on level 2 of the Dungeon.
You worshipped Zin.
Zin was aware of your devotion.
You visited 1 branch of the dungeon, and saw 2 of its levels.

You collected 85 gold pieces.
You donated 8 gold pieces to Zin.

Inventory:

Hand Weapons
 a - a +2 hand axe (weapon)
 b - a +0 hand crossbow
 f - a +0 dagger
Missiles
 c - 39 bolts
Armour
 e - a +0 robe
 m - a +0 chain mail (worn)
 n - a +0 helmet (worn)
Scrolls
 h - 3 scrolls of identify {unknown}
 i - a scroll of random uselessness {unknown}
 j - 3 scrolls of fog {unknown}
 k - 2 scrolls of remove curse {unknown}
 o - a scroll of teleportation {unknown}
Potions
 d - a potion of curing
 g - 2 potions of brilliance {unknown}
 l - a potion of cancellation {unknown}


   Skills:
 + Level 2.0 Fighting
 * Level 4.1 Axes
 - Level 3.0 Staves
 - Level 1.0 Dodging
 - Level 3.0 Stealth
 + Level 0.0 Invocations


You had 2 spell levels left.
You didn't know any spells.
Your spell library was empty.

Dungeon Overview and Level Annotations

Branches:
Dungeon (2/15)

Altars:
Zin


Innate Abilities, Weirdness & Mutations

You cannot wear boots.
Your serpentine skin is tough. (AC +1)
You have supernaturally acute eyesight. (SInv)
Armour fits poorly on your strangely shaped body.
Your system is resistant to poisons. (rPois)
You cover ground very slowly.
You can spit poison.


Message History

The centaur wields a +0 shortbow.
The centaur shoots an arrow.
The arrow hits you.
There is a stone staircase leading down here.
You see here an arrow.
A centaur is nearby!
The centaur shoots an arrow.
The arrow hits you!
The centaur shoots an arrow.
The arrow barely misses you.
You see here an arrow.
The splash of poison hits the centaur!
The centaur is poisoned.
The centaur is moderately wounded.
The centaur shoots an arrow.
The arrow barely misses you.
You fail to use your ability.
The centaur shoots an arrow.
The arrow hits you.
The centaur shoots an arrow.
The arrow hits you.
The centaur shoots an arrow.
The arrow hits you.
* * * LOW HITPOINT WARNING * * *
You see here an arrow.
The centaur shoots an arrow.
The arrow hits you!
* * * LOW HITPOINT WARNING * * *
The centaur shoots an arrow.
The arrow hits you.
You die...

#.# #.# #.# ### #.# .
#.## #.# ... #..##
#.###..#
###..#####..c...#
#######......>((@.....#
........##.#########..#
######..........#
#..........#
#..........#
######..........#
#.........>.....#
..#######...<...# ###
###.....#


You could see a centaur (poisoned).

Vanquished Creatures
  2 giant cockroaches (D:1)
  7 goblins
  4 hobgoblins
  7 jackals (D:1)
  7 kobolds (D:1)
  4 bats
  4 frilled lizards
  4 rats
39 creatures vanquished.

Notes
Turn   | Place    | Note
-------+----------+-------------------------------------------
     0 | D:1      | sking99 the Naga Wanderer began the quest for the Orb.
     0 | D:1      | sking99 set off with the following items: a +2 hand axe, a
                  | +0 hand crossbow, 29 bolts, a potion of curing, a +0 robe,
                  | a +0 dagger
     0 | D:1      | Reached XP level 1. HP: 18/18 MP: 1/1
   251 | D:1      | Reached XP level 2. HP: 21/25 MP: 2/2
   717 | D:1      | Reached XP level 3. HP: 25/32 MP: 3/3
  1143 | D:1      | Reached skill level 4 in Axes
  1496 | D:2      | Found a faded altar of an unknown god.
  1582 | D:2      | Became a worshipper of Zin the Law-Giver
  1582 | D:2      | Reached * piety under Zin
  1635 | D:2      | Noticed a centaur
  1640 | D:2      | HP: 1/32 [centaur/arrow (8)]
  1640 | D:2      | Shot with an arrow by a centaur

Illustrated notes

Levels and vault maps discovered:
D:1:      minmay_arrival_five_plusses, layout_loops_corners
D:2:      kennysheep_big_flooded_room, layout_rooms, led_sif_pool,
          chequers_ecumenical_altar_island

Skill      XL: |  1  2  3 |
---------------+----------+-----
Axes           | 4 |  4.1
Fighting       | 2 |  2.0
Staves         | |  3.0
Dodging        | |  1.0
Stealth        | |  3.0

Action                   || total
-------------------------++-------
Melee: Hand axe          ||    60
 Abil: Spit Poison       ||    33
 Stab: Sleeping          ||     1
Armor: Robe              ||    18
       Chain mail        ||     8
Dodge: Dodged            ||    40
